 Dungeon Crawl Stone Soup version 0.22-a0-42-g002c468 (webtiles) character file.

212 KristoblXynda the Charmwright (level 5, -4/25 HPs)
             Began as a Spriggan Skald on Jan 5, 2018.
             Was an Initiate of Ashenzari.
             Slain by an orc
             ... wielding a +0 war axe
              (10 damage)
             ... on level 4 of the Dungeon.
             The game lasted 00:06:23 (4194 turns).

KristoblXynda the Charmwright (Spriggan Skald)      Turns: 4194, Time: 00:06:23

Health: -4/25      AC:  3    Str:  8    XL:     5   Next: 58%
Magic:  5/12       EV: 20    Int: 15    God:    Ashenzari [......]
Gold:   61         SH:  0    Dex: 15    Spells: 5/12 levels left

rFire    . . .     SeeInvis +   k - +0 dagger
rCold    . . .     Gourm    .   (shield restricted)
rNeg     . . .     Faith    .   b - +0 robe
rPois    .         Spirit   .   (helmet restricted)
rElec    .         Reflect  .   m - +0 cloak
rCorr    .         Harm     .   (gloves unavailable)
MR       .....                  (boots unavailable)
Stlth    ++........             (no amulet)
HPRegen  0.08/turn              (no ring)
MPRegen  0.13/turn              (no ring)

@: infused, very quick
A: very small, unfitting armour, see invisible, herbivore, speed 3, slow
metabolism 2
a: Curse Item, Renounce Religion


You were on level 4 of the Dungeon.
You worshipped Ashenzari.
Ashenzari was noncommittal.
You were not hungry.

You visited 1 branch of the dungeon, and saw 4 of its levels.

You collected 61 gold pieces.

Inventory:

Hand Weapons
 k - a +0 dagger (weapon)
Armour
 b - a +0 robe (worn)
 m - a +0 cloak (worn)
Scrolls
 a - 2 scrolls of blinking {unknown}
 e - 2 scrolls of teleportation {unknown}
 f - a scroll of fog {unknown}
 g - a scroll of amnesia {unknown}
 h - 2 scrolls of magic mapping {unknown}
 j - a scroll of identify {unknown}
 l - a scroll of remove curse
Books
 c - a book of Battle

   Spells                             Type                      Level
   a - Infusion                       Charms                       1
   b - Shroud of Golubria             Charms/Translocation         2
   c - Song of Slaying                Charms                       2
   d - Spectral Weapon                Hexes/Charms                 3
   e - Regeneration                   Charms/Necromancy            3
Comestibles
 d - 4 rations


   Skills:
 - Level 1.5 Fighting
 + Level 3.6 Short Blades
 - Level 5.0 Dodging
 + Level 1.8 Stealth
 + Level 4.2 Spellcasting
 + Level 5.9 Charms


You had 5 spell levels left.
You knew the following spells:

 Your Spells              Type           Power        Failure   Level  Hunger
a - Infusion              Chrm           ###.         1%          1    None
b - Regeneration          Chrm/Necr      ##........   16%         3    ###....
c - Spectral Weapon       Hex/Chrm       ##......     16%         3    ###....


Dungeon Overview and Level Annotations

Branches:
Dungeon (4/15)
 Temple: D:4-7

Altars:
Ashenzari
Nemelex Xobeh
Wu Jian


Innate Abilities, Weirdness & Mutations

You are very small and have problems with some larger weapons.
You are too small for most types of armour.
You have supernaturally acute eyesight. (SInv)
You are a herbivore.
You cover ground extremely quickly.
You need consume almost no food.


Message History

You hit the orc.
The orc is severely wounded.
You are no longer magically infusing your attacks.
The orc hits you with a war axe.
You hit the orc but do no damage.
The orc is severely wounded.
You barely miss the orc.
The orc is severely wounded.
The orc hits you with a war axe.
* * * LOW HITPOINT WARNING * * *
You barely miss the orc.
The orc is severely wounded.
The orc hits you but does no damage.
You aren't carrying any potions.
Unknown command.
Casting: Infusion
Confirm with . or Enter, or press ? or * to list all spells.
You begin infusing your attacks with magical energy.
The orc hits you with a war axe!
You die...

...o8o....# #.#
..........# #.##
#._.o.l...# #.<.
#.........# ###.##
.......o#.# #...# #
#######.#.# #.### #.#.
##....# #.#
#....#####.....###.####
#..@oos......##.....
#....###o.......##.##.#
##.. ...#.......##.#.#.
#.# ###................
#. ####............# .
...#.#.###..#..
#####.#.# #.#.#. #.#.#
#.##.# ..#.# #.# ##


You could see a scorpion and 3 orcs.

Vanquished Creatures
  An orc priest (D:3)
  A hound (D:4)
  An iguana (D:3)
  8 adders
  A dart slug (D:1)
  4 leopard geckos
  4 bats
  2 giant cockroaches
  8 goblins
  8 hobgoblins
  6 kobolds
  A ball python (D:1)
  2 frilled lizards
  A quokka skeleton (D:4)
  5 rats
53 creatures vanquished.

Notes
Turn   | Place    | Note
-------+----------+-------------------------------------------
     0 | D:1      | KristoblXynda the Spriggan Skald began the quest for the Orb.
     0 | D:1      | Reached XP level 1. HP: 10/10 MP: 5/5
   382 | D:1      | Reached XP level 2. HP: 14/14 MP: 7/7
  1009 | D:2      | Reached XP level 3. HP: 15/18 MP: 3/8
  1056 | D:2      | Learned a level 3 spell: Regeneration
  1060 | D:2      | Learned a level 3 spell: Spectral Weapon
  1496 | D:2      | Reached skill level 5 in Charms
  2081 | D:2      | Reached XP level 4. HP: 10/22 MP: 4/10
  2328 | D:2      | Found a faded altar of an unknown god.
  3069 | D:3      | Reached skill level 5 in Dodging
  3069 | D:3      | Reached XP level 5. HP: 11/25 MP: 5/12
  3871 | D:3      | Found a shattered altar of Ashenzari.
  3878 | D:3      | Reached skill level 1 in Stealth
  3892 | D:3      | Became a worshipper of Ashenzari the Shackled
  4156 | D:4      | Found an ornate altar of the Wu Jian Council.
  4157 | D:4      | Found a sparkling altar of Nemelex Xobeh.
  4194 | D:4      | Slain by an orc

Vault maps used:
D:1:      giann_bridges, st_stairs_12
D:2:      chequers_ecumenical_altar_simple, minmay_close_crescents
D:3:      evilmike_ruin_ashenzari, lemuel_coloured_pillars_altar, uniq_ijyb,
          uniq_robin
D:4:      grunt_temple_overflow_open, serial_shops, shop, kennysheep_little_box,
          shop, nicolae_shop_stone, first_ration

Skill      XL: |  1  2  3  4  5 |
---------------+----------------+-----
Spellcasting   | 3 4 |  4.2
Dodging        | 4 5 |  5.0
Charms         | 5 |  5.9
Short Blades   | 3 |  3.6
Stealth        | 1 |  1.8
Fighting       | |  1.5

Action                   |  1- 3 |  4- 6 || total
-------------------------+-------+-------++-------
Melee: Short sword       |    78 |       ||    78
       Dagger            |    48 |   109 ||   157
 Cast: Infusion          |     9 |    10 ||    19
       Regeneration      |     2 |       ||     2
  Use: Potion            |     1 |     1 ||     2
 Stab: Sleeping          |     2 |     2 ||     4
  Eat: Ration            |       |     1 ||     1
Armor: Robe              |    10 |    11 ||    21
Dodge: Dodged            |   103 |    94 ||   197

Table legend:
 A = Spawn XP
 B = Non-spawn XP
 C = Spawn XP percentage of total XP
 D = Spawn monster count
 E = Non-spawn monster count
 F = Spawn count percentage of total count
 G = Total turns spent on level
                    A         B        C        D         E        F      G
               +---------+---------+-------+---------+---------+-------+---------
         Total |       0 |     303 |   0.0 |       0 |      53 |   0.0 |  4194
               +---------+---------+-------+---------+---------+-------+---------
           D:1 |       0 |      28 |   0.0 |       0 |      15 |   0.0 |  1358
           D:2 |       0 |      94 |   0.0 |       0 |      19 |   0.0 |  1719
           D:3 |       0 |     140 |   0.0 |       0 |      17 |   0.0 |  1059
           D:4 |       0 |      41 |   0.0 |       0 |       2 |   0.0 |    58
               +---------+---------+-------+---------+---------+-------+---------
